 Dungeon Crawl Stone Soup version 0.30-a0-272-gf98c3da03f (webtiles) character file.

Game seed: 3506515387691727263

3 freelancePsychic the Trooper (level 1, -1/14 HPs)
             Began as a Kobold Fighter on Oct 15, 2022.
             Slain by a jackal (3 damage)
             ... on level 1 of the Dungeon.
             The game lasted 00:00:27 (87 turns).

freelancePsychic the Trooper (Kobold Fighter)         Turns: 87, Time: 00:00:27

Health: -1/14      AC:  0    Str: 13    XL:     1   Next: 55%
Magic:  1/1        EV: 12    Int:  9    God:
Gold:   4          SH:  5    Dex: 14    Spells: 0/0 levels left

rFire   . . .      SeeInvis .    a - +0 rapier
rCold   . . .      Faith    .    c - +0 buckler
rNeg    . . .      Spirit   .    (no body armour)
rPois   .          Reflect  .    (no helmet)
rElec   .          Harm     .    (no cloak)
rCorr   .          Rampage  .    (no gloves)
Will    .....                    (no boots)
Stlth   +++.......               (no amulet)
HPRegen 0.22/turn                (no ring)
MPRegen 0.07/turn                (no ring)

@: no status effects
A: small, no large weapons, nightstalker 3
a: no special abilities


You were on level 1 of the Dungeon.
You visited 1 branch of the dungeon, and saw 1 of its levels.

You collected 4 gold pieces.

Inventory:

Hand Weapons
 a - a +0 rapier (weapon)
Armour
 c - a +0 buckler (worn)
Potions
 d - a potion of might


   Skills:
 + Level 3.3 Fighting
 * Level 2.9 Short Blades
 - Level 2.4 Armour
 * Level 0.8 Stealth
 - Level 2.4 Shields


You couldn't memorise any spells.
You didn't know any spells.
Your spell library was empty.

Dungeon Overview and Level Annotations

Branches:
Dungeon (1/15)

Altars:


Innate Abilities, Weirdness & Mutations

You are small and have problems with some larger weapons.
You are completely attuned to the shadows.


Message History

A bat comes into view.
A bat is nearby!
A bat is nearby!
A jackal comes into view.
Found a stone staircase leading down.
The jackal barks!
You hear a bark!
A jackal comes into view.
You block the jackal's attack.
The jackal moves out of view.
A jackal comes into view.
You hit the bat.
You kill the bat!
The jackal bites you. The jackal misses you.
The jackal barks!
You hit the jackal.
The jackal is heavily wounded.
The jackal closely misses you. The jackal attacks as you move away!
The jackal closely misses you. The jackal bites you. x2
The jackal attacks as you move away! The jackal bites you.
The jackal attacks as you move away! The jackal bites you.
The jackal bites you.
You hit the jackal.
The jackal is severely wounded.
The jackal misses you.
You barely miss the jackal.
The jackal is severely wounded.
The jackal barely misses you.
You hit the jackal.
The jackal is severely wounded.
You block the jackal's attack.
You closely miss the jackal.
The jackal is severely wounded.
The jackal misses you. You block the jackal's attack. The jackal bites you.
You barely miss the jackal.
The jackal is severely wounded.
The jackal closely misses you. The jackal barely misses you.
The jackal bites you.
* * * LOW HITPOINT WARNING * * *
The jackal bites you.
You die...

###...#.#
..##....##
.<##.##..##
..........##
..#........#
######
####.......#
###.....
#.......###.......
#######.....h.....
#####.#@#..
#.#h#># #
#..h#.#.#
#........
..........
.#...?....
#........
.........
..#......


You could see 3 jackals.

Vanquished Creatures
  A ball python (D:1)
  A bat (D:1)
  A frilled lizard (D:1)
3 creatures vanquished.

Notes
Turn   | Place    | Note
-------+----------+-------------------------------------------
     0 | D:1      | freelancePsychic the Kobold Fighter began the quest for the
                  | Orb.
     0 | D:1      | Reached XP level 1. HP: 14/14 MP: 1/1
    87 | D:1      | Slain by a jackal

Illustrated notes

Levels and vault maps discovered:
D:1:      dpeg_arrival_ratfight, layout_basic

Action                   || total
-------------------------++-------
Melee: Rapier            ||    13
Dodge: Dodged            ||    10
Block: Buckler           ||     5

Table legend: (Time is in decaauts)
 A = Elapsed time spent in this place.
 B = Non-inter-level travel time spent in this place.
 C = Inter-level travel time spent in this place.
 D = Time resting spent in this place.
 E = Time spent auto-exploring this place.
 F = Levels seen in this place.
 G = Mean time per level.
                   A        B        C        D        E       F      G
               +--------+--------+--------+--------+--------+-----+--------+
         Total |     88 |     88 |      0 |      0 |     55 |   1 |   88.0 |
       Dungeon |     88 |     88 |      0 |      0 |     55 |   1 |   88.0 |
               +--------+--------+--------+--------+--------+-----+--------+

Top non-repeatable levels by time:
     D:1: 88 daAuts
